 Dungeon Crawl Stone Soup version 0.19.1-1-g22dce08 (webtiles) character file.

128 Queen the Cudgeler (level 5, 0/41 HPs)
             Began as a Formicid Fighter on Jan 13, 2017.
             Hit by a goblin thrown by Robin (2 damage)
             ... on level 3 of the Dungeon.
             The game lasted 00:07:26 (1914 turns).

Queen the Cudgeler (Formicid Fighter)               Turns: 1914, Time: 00:07:27

Health: 0/41       AC:  6    Str: 25    XL:     5   Next: 34%
Magic:  5/5        EV:  8    Int:  8    God:
Gold:   170        SH: 10    Dex: 11    Spells: 0 memorised, 4 levels left

rFire  . . .     SeeInvis +     a - +0 flail
rCold  . . .     Gourm    .     b - +0 scale mail
rNeg   . . .     Faith    .     c - +0 shield
rPois  .         Spirit   .     (helmet unavailable)
rElec  .         Reflect  .     (no cloak)
rCorr  .         Harm     .     (no gloves)
MR     .....                    (no boots)
Stlth  ..........               (no amulet)
                                (no ring)
                                (no ring)

@: mighty
A: permanent stasis, dig shafts and tunnels, four strong arms, antennae 3
a: Dig, Shaft Self


You were on level 3 of the Dungeon.
You were not hungry.

You visited 1 branch of the dungeon, and saw 3 of its levels.

You collected 170 gold pieces.

Inventory:

Hand Weapons
 a - a +0 flail (weapon)
Missiles
 u - 2 tomahawks (quivered)
Armour
 b - a +0 scale mail (worn)
 c - a +0 shield (worn)
Scrolls
 e - a scroll of blinking {unknown}
 g - a scroll of fog {unknown}
 j - 2 scrolls of identify {unknown}
 k - 3 scrolls of remove curse {unknown}
 l - a scroll of noise {unknown}
 m - a scroll of enchant weapon {unknown}
 n - a scroll of immolation {unknown}
 o - 3 scrolls of magic mapping {unknown}
 q - 2 scrolls of teleportation {unknown}
Potions
 d - a potion of might
 h - 2 potions of lignification {unknown}
 i - 3 potions of brilliance {unknown}
 r - 2 potions of mutation {unknown}
 t - 2 potions of heal wounds
Comestibles
 f - 2 bread rations
 p - 2 fruits
 s - 11 chunks of flesh


   Skills:
 - Level 3.2 Fighting
 + Level 5.1 Maces & Flails
 - Level 3.2 Armour
 - Level 3.6 Shields


You had 4 spell levels left.
You didn't know any spells.

Dungeon Overview and Level Annotations

Branches:
Dungeon (3/15)

Altars:
Fedhas

Annotations:
D:3 Grinder, Robin


Innate Abilities, Weirdness & Mutations

You are under a permanent stasis effect.
You can dig through walls and to a lower floor.
Your four strong arms can wield two-handed weapons with a shield.
You have a pair of large antennae on your head. (SInv)


Message History

* * * LOW HITPOINT WARNING * * *
The goblin barely misses you. You block the goblin's attack.
You closely miss the goblin. The goblin hits you with a club.
* * * LOW HITPOINT WARNING * * *
The goblin hits you with a club!
* * * LOW HITPOINT WARNING * * *
Unknown command.
You closely miss the goblin.
The hobgoblin no longer looks unusually strong.
The goblin completely misses you. You block the goblin's attack.
You barely miss the goblin.
Grinder blinks!
The goblin hits you but does no damage. The goblin hits you with a club.
* * * LOW HITPOINT WARNING * * *
A dart slug comes into view.
You sock the goblin!
You kill the goblin!
The goblin no longer looks unusually strong.
Robin says, "Duck!"
Robin throws the goblin at you!
You die... .# #..###.### # .# { #..###.# # .# {{ { #...##.# # .# { { #.#.##.# # .# {{{{

##.#..#.# # .# {
{ #.......# # ###
{ { #.###.#.# #
..#
.gg######.###...#
# ..#
§ggggwg@g...##..#
# ..#
w.S########.##..#
# ### { #...#># #
{ #...##########
#.............
#....#########
#....# #....# {
#....#


You could see Robin, an adder, 2 dart slugs, 4 hobgoblins and 3 goblins.

Vanquished Creatures
  3 gnolls (D:2)
  An adder (D:2)
  An ooze (D:1)
  3 worms (D:2)
  2 dart slugs (D:1)
  2 leopard geckos
  3 orcs (D:3)
  3 ball pythons (D:1)
  2 giant cockroaches (D:1)
  11 goblins
  4 hobgoblins
  6 jackals (D:1)
  2 quokkas (D:2)
  6 bats
  4 frilled lizards
  10 kobolds
  4 rats
67 creatures vanquished.

Notes
Turn   | Place    | Note
-------+----------+-------------------------------------------
     0 | D:1      | Queen the Formicid Fighter began the quest for the Orb.
     0 | D:1      | Reached XP level 1. HP: 18/18 MP: 1/1
    81 | D:1      | Reached XP level 2. HP: 20/24 MP: 2/2
   213 | D:1      | Reached skill level 3 in Maces & Flails
   318 | D:1      | Reached XP level 3. HP: 29/29 MP: 3/3
   811 | D:2      | Reached skill level 4 in Maces & Flails
   811 | D:2      | Reached XP level 4. HP: 30/35 MP: 4/4
   932 | D:2      | Found a blossoming altar of Fedhas.
  1309 | D:2      | Reached XP level 5. HP: 29/41 MP: 5/5
  1752 | D:3      | Reached skill level 5 in Maces & Flails
  1892 | D:3      | Noticed Grinder
  1898 | D:3      | Noticed Robin
  1911 | D:3      | HP: 2/41 [goblin/club[Robin] (7)]
  1914 | D:3      | Hit by a goblin thrown by Robin

Skill      XL: |  1  2  3  4  5 |
---------------+----------------+-----
Maces & Flails | 3 4 5 |  5.1
Fighting       | |  3.2
Armour         | |  3.2
Shields        | |  3.6

Action                   |  1- 3 |  4- 6 || total
-------------------------+-------+-------++-------
Melee: Flail             |   126 |   134 ||   260
  Use: Potion            |       |     1 ||     1
  Eat: Chunk             |       |     4 ||     4
Armor: Scale mail        |    62 |    48 ||   110
Dodge: Dodged            |    37 |    36 ||    73
Block: Shield            |    66 |    76 ||   142
